3AAA
SCRANTON SUPERNOVAS @ BLOOMINGTON LONGNECKS
06/16/2027
 
TOP OF THE 1ST
Scranton Supernovas batting - Pitching for Bloomington Longnecks : RHP Roberto Calderón
Pitching: RHP Roberto Calderón
Batting: RHB Keith MacKey 0-0: Fly out, F9 (Flyball, 9LS)
Batting: LHB Jim Unknown 0-0: Ball
1-0: Called Strike
1-1: Foul Ball, location: 2F
1-2: Ball
2-2: Foul Ball, location: 2F
2-2: Strikes out looking
Batting: LHB Chris Fries 0-0: Called Strike
0-1: Fly out, F9 (Flyball, 89M)
Top of the 1st over - 0 run(s), 0 hit(s), 0 error(s), 0 left on base; Scranton 0 - Bloomington 0
BOTTOM OF THE 1ST
Bloomington Longnecks batting - Pitching for Scranton Supernovas : RHP José Salinas
Pitching: RHP José Salinas
Batting: RHB Steve Ladner 0-0: Swinging Strike
0-1: Ball
1-1: Foul Ball, location: 2F
1-2: Foul Ball, location: 2F
1-2: Foul Ball, location: 2F
1-2: SINGLE (Groundball, 34D)
Batting: RHB Michael Hicks 0-0: SINGLE (Flyball, 8LS)
Steve Ladner to second
Batting: LHB Adrián Gómez 0-0: Hit by Pitch
Steve Ladner to third
Michael Hicks to second
Batting: RHB José López 0-0: Foul Ball, location: 2F
0-1: Swinging Strike
0-2: Ball
1-2: Strikes out swinging
Batting: RHB Mark Smiley 0-0: Fly out, F7 (Flyball, 7LSF)
Runner from 3rd tags up, SCORES, no throw
Batting: SHB Mauro López 0-0: Ball
1-0: Ball
2-0: Swinging Strike
2-1: Foul Ball, location: 2F
2-2: Ball
3-2: Base on Balls
Michael Hicks to third
Adrián Gómez to second
Batting: RHB Roberto Alonzo 0-0: Called Strike
0-1: Ball
1-1: SINGLE (Line Drive, 4M)
Michael Hicks scores
Adrián Gómez to third
Mauro López to second
Batting: LHB Arturo Acevedo 0-0: Ball
1-0: Called Strike
1-1: Ball
2-1: Ball
3-1: Base on Balls
Adrián Gómez scores
Mauro López to third
Roberto Alonzo to second
Batting: RHB Dave Farr 0-0: Foul Ball, location: 2F
0-1: Fielders Choice at 2nd, 5-4 (Groundball, 56)
Bottom of the 1st over - 3 run(s), 3 hit(s), 0 error(s), 2 left on base; Scranton 0 - Bloomington 3
TOP OF THE 2ND
Scranton Supernovas batting - Pitching for Bloomington Longnecks : RHP Roberto Calderón
Batting: SHB Sam Quint 0-0: Ball
1-0: Called Strike
1-1: Ball
2-1: Foul Ball, location: 2F
2-2: Foul Ball, location: 2F
2-2: Foul Ball, location: 2F
2-2: Ground out 4-3 (Groundball, 4)
Batting: LHB Phillip Tinker 0-0: Called Strike
0-1: Foul Ball, location: 2F
0-2: Ball
1-2: Ball
2-2: Strikes out swinging
Batting: RHB Gianpaolo Monachino 0-0: Ball
1-0: Ground out 6-3 (Groundball, 6)
Top of the 2nd over - 0 run(s), 0 hit(s), 0 error(s), 0 left on base; Scranton 0 - Bloomington 3
BOTTOM OF THE 2ND
Bloomington Longnecks batting - Pitching for Scranton Supernovas : RHP José Salinas
Batting: RHB Steve Ladner 0-0: Called Strike
0-1: Ball
1-1: Ground out 6-3 (Groundball, 56)
Batting: RHB Michael Hicks 0-0: Fly out, F7 (Flyball, 7D)
Batting: LHB Adrián Gómez 0-0: Called Strike
0-1: Called Strike
0-2: Ground out 5-3 (Groundball, 56S)
Bottom of the 2nd over - 0 run(s), 0 hit(s), 0 error(s), 0 left on base; Scranton 0 - Bloomington 3
TOP OF THE 3RD
Scranton Supernovas batting - Pitching for Bloomington Longnecks : RHP Roberto Calderón
Batting: RHB Dong-po Tien 0-0: Called Strike
0-1: Ground out 4-3 (Groundball, 4S)
Batting: RHB Kent Summey 0-0: Ball
1-0: Ball
2-0: Foul Ball, location: 2F
2-1: Ground out 5-3 (Groundball, 5)
Batting: LHB José Cordero 0-0: Called Strike
0-1: Foul Ball, location: 2F
0-2: Strikes out looking
Top of the 3rd over - 0 run(s), 0 hit(s), 0 error(s), 0 left on base; Scranton 0 - Bloomington 3
BOTTOM OF THE 3RD
Bloomington Longnecks batting - Pitching for Scranton Supernovas : RHP José Salinas
Batting: RHB José López 0-0: Ball
1-0: Called Strike
1-1: Fly out, F6 (Line Drive, 6)
Batting: RHB Mark Smiley 0-0: Ball
1-0: Ground out 5-3 (Groundball, 5)
Batting: SHB Mauro López 0-0: Called Strike
0-1: Foul Ball, location: 2F
0-2: Strikes out looking
Bottom of the 3rd over - 0 run(s), 0 hit(s), 0 error(s), 0 left on base; Scranton 0 - Bloomington 3
TOP OF THE 4TH
Scranton Supernovas batting - Pitching for Bloomington Longnecks : RHP Roberto Calderón
Batting: RHB Keith MacKey 0-0: Called Strike
0-1: Foul Ball, location: 2F
0-2: Fly out, F7 (Flyball, 7)
Batting: LHB Jim Unknown 0-0: Called Strike
0-1: SINGLE (Line Drive, 7LS)
Batting: LHB Chris Fries 0-0: SINGLE (Groundball, 34S) (infield hit)
Jim Unknown to second
Batting: SHB Sam Quint 0-0: Called Strike
0-1: Ball
1-1: Ball
Wild Pitch!
Jim Unknown to third
Chris Fries to second
2-1: Foul Ball, location: 2F
2-2: Ball
3-2: Strikes out swinging
Batting: LHB Phillip Tinker 0-0: Ball
1-0: Called Strike
1-1: Ball
2-1: Foul Ball, location: 2F
2-2: Ball
3-2: Strikes out swinging
Top of the 4th over - 0 run(s), 2 hit(s), 0 error(s), 2 left on base; Scranton 0 - Bloomington 3
BOTTOM OF THE 4TH
Bloomington Longnecks batting - Pitching for Scranton Supernovas : RHP José Salinas
Batting: RHB Roberto Alonzo 0-0: Ball
1-0: Ball
2-0: Ball
3-0: Called Strike
3-1: Called Strike
3-2: SINGLE (Line Drive, 4M)
Batting: LHB Arturo Acevedo 0-0: Ball
1-0: Called Strike
1-1: Foul Ball, location: 2F
1-2: Foul Ball, location: 2F
1-2: Ball
2-2: Foul Ball, location: 2F
2-2: Foul Ball, location: 2F
2-2: Foul Ball, location: 2F
2-2: Foul Ball, location: 2F
2-2: Hit by Pitch
Roberto Alonzo to second
Batting: RHB Dave Farr 0-0: Ball
1-0: Called Strike
1-1: SINGLE (Groundball, 4MD)
Roberto Alonzo to third
Arturo Acevedo to second
Batting: RHB Steve Ladner 0-0: Foul Ball, location: 2F
0-1: Swinging Strike
0-2: SINGLE (Groundball, 34D) (infield hit)
Roberto Alonzo scores
Arturo Acevedo to third
Dave Farr to second
Batting: RHB Michael Hicks 0-0: Fielders Choice at 2nd, 4-6 (Groundball, 4)
Arturo Acevedo scores
Dave Farr to third
Batting: LHB Adrián Gómez 0-0: Fly out, F2 (Popup, 3S)
Batting: RHB José López 0-0: Ball
1-0: Ball
2-0: Ground out 5-3 (Groundball, 5S)
Bottom of the 4th over - 2 run(s), 3 hit(s), 0 error(s), 2 left on base; Scranton 0 - Bloomington 5
TOP OF THE 5TH
Scranton Supernovas batting - Pitching for Bloomington Longnecks : RHP Roberto Calderón
Batting: RHB Gianpaolo Monachino 0-0: Ball
1-0: Ball
2-0: SINGLE (Groundball, 4MD)
Batting: RHB Dong-po Tien 0-0: Ball
1-0: Ball
2-0: Grounds into double play, 6-4-3 (Groundball, 6)
Batting: RHB Kent Summey 0-0: Ball
1-0: Foul Ball, location: 2F
1-1: SOLO HOME RUN (Line Drive, 78XD), Distance : 411 ft
Batting: LHB José Cordero 0-0: Ball
1-0: Swinging Strike
1-1: Ball
2-1: Swinging Strike
2-2: Fly out, F8 (Flyball, 8LM)
Top of the 5th over - 1 run(s), 2 hit(s), 0 error(s), 0 left on base; Scranton 1 - Bloomington 5
BOTTOM OF THE 5TH
Bloomington Longnecks batting - Pitching for Scranton Supernovas : RHP José Salinas
Batting: RHB Mark Smiley 0-0: Foul Ball, location: 2F
0-1: Foul Ball, location: 2F
0-2: SINGLE (Groundball, 34D)
Batting: SHB Mauro López 0-0: Ball
1-0: Bunt - Flyout! F3
Batting: RHB Roberto Alonzo 0-0: Called Strike
0-1: Ball
1-1: Ground out U3 (Groundball, 34S)
Mark Smiley to second
Batting: LHB Arturo Acevedo 0-0: Ball
1-0: Swinging Strike
1-1: Ball
2-1: Ball
3-1: Swinging Strike
3-2: Base on Balls
Batting: RHB Dave Farr 0-0: Foul Ball, location: 2F
0-1: Swinging Strike
0-2: Ball
1-2: Ground out 6-3 (Groundball, 6S)
Bottom of the 5th over - 0 run(s), 1 hit(s), 0 error(s), 2 left on base; Scranton 1 - Bloomington 5
TOP OF THE 6TH
Scranton Supernovas batting - Pitching for Bloomington Longnecks : RHP Roberto Calderón
Batting: RHB Keith MacKey 0-0: Ball
1-0: Called Strike
1-1: Foul Ball, location: 2F
1-2: Foul Ball, location: 2F
1-2: Foul Ball, location: 2F
1-2: Strikes out swinging
Batting: LHB Jim Unknown 0-0: Ball
1-0: Ball
2-0: Ball
3-0: Called Strike
3-1: Base on Balls
Batting: LHB Chris Fries 0-0: Ball
1-0: Ball
2-0: Called Strike
2-1: Called Strike
2-2: Strikes out looking
Batting: SHB Sam Quint 0-0: Swinging Strike
Jim Unknown steals 2nd base
0-1: Ground out 4-3 (Groundball, 4)
Top of the 6th over - 0 run(s), 0 hit(s), 0 error(s), 1 left on base; Scranton 1 - Bloomington 5
BOTTOM OF THE 6TH
Bloomington Longnecks batting - Pitching for Scranton Supernovas : RHP José Salinas
Batting: RHB Steve Ladner 0-0: Swinging Strike
0-1: SINGLE (Flyball, 9LS)
Batting: RHB Michael Hicks 0-0: Ball
1-0: Bunt missed!
1-1: Sac Bunt - play at first, batter OUT! 1-4
Steve Ladner to second
Batting: LHB Adrián Gómez 0-0: Intentional Walk
Batting: RHB José López 0-0: Ball
1-0: Fielders Choice at 2nd, 1-4 (Groundball, 15S)
Steve Ladner to third
Batting: RHB Mark Smiley 0-0: Foul Ball, location: 2F
0-1: Foul Ball, location: 2F
0-2: Ball
1-2: Ground out 6-3 (Groundball, 6S)
Bottom of the 6th over - 0 run(s), 1 hit(s), 0 error(s), 2 left on base; Scranton 1 - Bloomington 5
TOP OF THE 7TH
Scranton Supernovas batting - Pitching for Bloomington Longnecks : RHP Roberto Calderón
Batting: LHB Phillip Tinker 0-0: Called Strike
0-1: Foul Ball, location: 2F
0-2: Ball
1-2: Fly out, F8 (Flyball, 8LS)
Batting: RHB Gianpaolo Monachino 0-0: Called Strike
0-1: Ball
1-1: SINGLE (Flyball, 7S)
Batting: RHB Dong-po Tien 0-0: Grounds into double play, 4-6-3 (Groundball, 34)
Top of the 7th over - 0 run(s), 1 hit(s), 0 error(s), 0 left on base; Scranton 1 - Bloomington 5
BOTTOM OF THE 7TH
Bloomington Longnecks batting - Pitching for Scranton Supernovas : RHP José Salinas
Batting: SHB Mauro López 0-0: Ball
1-0: SINGLE (Groundball, 34D)
Batting: RHB Roberto Alonzo 0-0: Ball
1-0: Fly out, F5 (Popup, 5L)
Batting: LHB Arturo Acevedo 0-0: Called Strike
0-1: Grounds into double play, 1-4-3 (Groundball, 15S)
Bottom of the 7th over - 0 run(s), 1 hit(s), 0 error(s), 0 left on base; Scranton 1 - Bloomington 5
TOP OF THE 8TH
Scranton Supernovas batting - Pitching for Bloomington Longnecks : RHP Roberto Calderón
Batting: RHB Kent Summey 0-0: Swinging Strike
0-1: Ball
1-1: Called Strike
1-2: Fly out, F8 (Flyball, 8RD)
Batting: LHB José Cordero 0-0: Ball
1-0: Ball
2-0: Foul Ball, location: 2F
2-1: Ground out 3-1 (Groundball, 34)
Batting: RHB Keith MacKey 0-0: Called Strike
0-1: Ball
1-1: Called Strike
1-2: Strikes out swinging
Top of the 8th over - 0 run(s), 0 hit(s), 0 error(s), 0 left on base; Scranton 1 - Bloomington 5
BOTTOM OF THE 8TH
Bloomington Longnecks batting - Pitching for Scranton Supernovas : RHP José Salinas
Batting: RHB Dave Farr 0-0: Fly out, F9 (Flyball, 9S)
Batting: RHB Steve Ladner 0-0: Ground out 4-3 (Groundball, 4D)
Batting: RHB Michael Hicks 0-0: Ball
1-0: Ball
2-0: Ball
3-0: Called Strike
3-1: Fly out, F4 (Popup, 34)
Bottom of the 8th over - 0 run(s), 0 hit(s), 0 error(s), 0 left on base; Scranton 1 - Bloomington 5
TOP OF THE 9TH
Scranton Supernovas batting - Pitching for Bloomington Longnecks : RHP Roberto Calderón
Batting: LHB Jim Unknown 0-0: Ball
1-0: Ball
2-0: Called Strike
2-1: Foul Ball, location: 2F
2-2: Foul Ball, location: 2F
2-2: Strikes out looking
Pitching: RHP Nick Taylor
Batting: LHB Chris Fries 0-0: Ball
1-0: Called Strike
1-1: Ball
2-1: Ball
3-1: Called Strike
3-2: Strikes out swinging
Batting: SHB Sam Quint 0-0: Ball
1-0: Called Strike
1-1: DOUBLE (Flyball, 78XD)
Batting: LHB Phillip Tinker 0-0: Foul Ball, location: 2F
0-1: Swinging Strike
0-2: Foul Ball, location: 2F
0-2: Ball
1-2: Strikes out looking
Top of the 9th over - 0 run(s), 1 hit(s), 0 error(s), 1 left on base; Scranton 1 - Bloomington 5
Saturday, May 26th, 2018 - OOTP Baseball 17.12 Build 75